 Dungeon Crawl Stone Soup version 0.29-a0-885-gb26ba3297d (webtiles) character file.

Game seed: 3854969849867487515

329 Pooter the Chopper (level 6, 0/84 HPs)
             Began as a Minotaur Monk on July 21, 2022.
             Slain by an orc warrior
             ... wielding a +0 glaive
              (6 damage)
             ... on level 4 of the Dungeon.
             The game lasted 00:19:37 (3802 turns).

Pooter the Chopper (Minotaur Monk)                  Turns: 3802, Time: 00:19:37

Health: 0/84       AC: 23    Str: 17    XL:     6   Next: 25%
Magic:  5/5        EV:  2    Int:  7    God:
Gold:   181        SH:  3    Dex: 13    Spells: 5/5 levels left

rFire   . . .      SeeInvis .   a - +0 trident
rCold   . . .      Faith    .   u - +0 buckler
rNeg    . . .      Spirit   .   (body armour currently unavailable)
rPois   +          Reflect  .   (helmet currently unavailable)
rElec   .          Harm     .   (cloak currently unavailable)
rCorr   .          Rampage  .   (gloves currently unavailable)
Will    .....      NoTele   +   (boots currently unavailable)
Stlth   ++........              (no amulet)
HPRegen 0.24/turn               l - +4 ring of evasion
MPRegen 0.09/turn               (no ring)

@: brilliant, tree-form
A: stationary, stasis, torment immunity, boosted hp, (horns 2), (retaliatory
headbutt)
a: no special abilities


You were on level 4 of the Dungeon.
You were a tree.
You visited 1 branch of the dungeon, and saw 4 of its levels.

You collected 181 gold pieces.

Inventory:

Hand Weapons
 a - a +0 trident (weapon)
   (You took it off an orc on level 4 of the Dungeon)
 b - a +3 sling
   (You took it off a goblin on level 2 of the Dungeon)
 i - a +0 hand axe
 r - a +0 shortbow
   (You took it off a centaur on level 3 of the Dungeon)
Missiles
 s - 2 boomerangs
 Q - 72 stones (quivered)
Armour
 h - a +1 pair of boots (melded)
   (You found it on level 3 of the Dungeon)
 m - a +0 pair of gloves (melded)
   (You found it on level 2 of the Dungeon)
 p - a +3 scale mail (melded)
   (You found it on level 3 of the Dungeon)
 q - a +0 plate armour
   (You found it on level 3 of the Dungeon)
 u - a +0 buckler (worn)
   (You found it on level 3 of the Dungeon)
Jewellery
 l - a +4 ring of evasion (left branch)
   (You found it on level 1 of the Dungeon)
Scrolls
 f - a scroll of butterflies
 n - a scroll of enchant weapon {unknown}
 t - a scroll of teleportation {@r4}
 w - a scroll of poison {unknown}
Potions
 d - a potion of degeneration {unknown}
 e - 4 potions of curing {@q1}
 g - 2 potions of brilliance
 j - 2 potions of haste {unknown}
 k - 2 potions of lignification {!q}
 o - 2 potions of mutation {unknown}
 v - a potion of resistance {unknown}


   Skills:
 + Level 5.0 Fighting
 * Level 6.0 Axes
 * Level 4.1 Ranged Weapons
 - Level 3.2 Dodging
 - Level 1.5 Stealth


You had 5 spell levels left.
You didn't know any spells.
Your spell library contained the following spells:

 Spells                   Type           Power      Damage    Failure   Level
 Magic Dart               Conj           0%         1d3       54%         1
 Call Imp                 Summ           0%         N/A       67%         2
 Mephitic Cloud           Conj/Pois/Air  0%         N/A       88%         3


Dungeon Overview and Level Annotations

Branches:
Dungeon (4/15)
 Temple: D:4-7

Altars:

Annotations:
D:3 3 runed translucent doors, 1 exclusion, buhh's ghost, amateur MeNe


Innate Abilities, Weirdness & Mutations

You are a tree.
Your roots penetrate the ground, keeping you stationary.
You cannot be teleported.
You are immune to unholy pain and torment.
Your maximum health is greatly increased.
Your equipment is partially melded.
((You have a pair of horns on your head.))
((You reflexively headbutt those who attack you in melee.))


Message History

* * * LOW HITPOINT WARNING * * *
You attack the rock wall.
The orc wizard hits you but does no damage.
The orc hits you but does no damage.
The orc warrior hits you from afar with a +0 glaive.
* * * LOW HITPOINT WARNING * * *
You attack the rock wall.
The orc wizard hits you with a +0 dagger.
* * * LOW HITPOINT WARNING * * *
The orc warrior hits you from afar with a +0 glaive.
* * * LOW HITPOINT WARNING * * *
The orc hits you but does no damage.
Unknown command.
You are more confused.
You feel invigorated.
The orc wizard hits you but does no damage.
The orc hits you but does no damage.
The orc warrior hits you from afar with a +0 glaive.
* * * LOW HITPOINT WARNING * * *
You attack the rock wall.
The orc wizard hits you but does no damage.
The orc hits you but does no damage.
The orc warrior hits you from afar with a +0 glaive!!
* * * LOW HITPOINT WARNING * * *
You attack the rock wall.
You feel less invigorated.
You feel less confused.
The orc wizard hits you but does no damage.
The orc hits you but does no damage.
The orc warrior hits you but does no damage.
You hit the orc wizard. The orc wizard casts a spell at you.
The magic dart hits you but does no damage.
The orc warrior hits you from afar with a +0 glaive!
* * * LOW HITPOINT WARNING * * *
You block the orc's attack. The orc hits you but does no damage.
The orc wizard barely misses you.
The orc warrior hits you but does no damage.
You hit the orc wizard but do no damage.
The orc wizard hits you but does no damage.
The orc hits you but does no damage.
The orc warrior hits you from afar with a +0 glaive.
* * * LOW HITPOINT WARNING * * *
You hit the orc wizard.
The orc wizard hits you but does no damage.
The orc hits you but does no damage.
The orc warrior hits you but does no damage.
You hit the orc wizard.
The orc wizard hits you but does no damage.
The orc warrior hits you from afar with a +0 glaive.
You die...

). #. ....# #
##S#.. #
..#..#.####.#
.oo..#.o..#
o..#♣####
##.#o# #..o.#
#..######
#..#....#
#..#.##.#
.#####..#....#
........#..###
.######..†...#


You could see an orc warrior, an orc wizard and an orc.

Vanquished Creatures
  A centaur (D:3)
  A hound (D:4)
  2 orc priests
  Robin (D:4)
  5 adders
  3 worms
  A dart slug (D:1)
  7 orcs
  6 ball pythons
  5 bats
  5 endoplasms
  A giant cockroach (D:3)
  17 goblins
  10 hobgoblins
  7 jackals
  3 quokkas
  4 frilled lizards
  7 kobolds
  4 rats
90 creatures vanquished.

Vanquished Creatures (others)
  11 plants (D:1)
11 creatures vanquished.

Grand Total: 101 creatures vanquished

Notes
Turn   | Place    | Note
-------+----------+-------------------------------------------
     0 | D:1      | Pooter the Minotaur Monk began the quest for the Orb.
     0 | D:1      | Reached XP level 1. HP: 19/19 MP: 0/0
   252 | D:1      | Reached skill level 1 in Ranged Weapons
   402 | D:1      | Reached XP level 2. HP: 27/27 MP: 1/1
   418 | D:1      | Reached skill level 4 in Axes
  1153 | D:2      | Reached XP level 3. HP: 33/33 MP: 2/2
  1530 | D:2      | Found a faded altar of an unknown god.
  2103 | D:3      | Noticed buhh's ghost (amateur MeNe)
  2108 | D:3      | Found a runed translucent gate.
  2108 | D:3      | Found a runed translucent gate.
  2110 | D:3      | Found a runed translucent gate.
  2125 | D:3      | Reached XP level 4. HP: 40/40 MP: 3/3
  2667 | D:3      | Reached skill level 5 in Axes
  2742 | D:3      | Noticed a centaur
  2906 | D:3      | Killed a centaur
  2907 | D:3      | Reached XP level 5. HP: 43/47 MP: 4/4
  3482 | D:4      | Noticed Robin
  3483 | D:4      | Killed Robin
  3618 | D:4      | Reached XP level 6. HP: 55/55 MP: 5/5
  3775 | D:4      | Noticed an orc warrior
  3786 | D:4      | Reached skill level 5 in Fighting
  3789 | D:4      | Reached skill level 6 in Axes
  3802 | D:4      | Slain by an orc warrior

Illustrated notes

Levels and vault maps discovered:
D:1:      dpeg_arrival_rhombi, layout_basic, lexackson_kobold_supper
D:2:      layout_basic, basic_ecumenical_altar
D:3:      layout_loops_corners, gammafunk_ghost_split, hex_tiny,
          amcnicky_mini_rare_corridor_liquid
D:4:      kennysheep_goblin_castle, layout_basic, hex_intersection,
          chequers_serial_rivers_micro_c

Skill      XL: |  1  2  3  4  5  6 |
---------------+-------------------+-----
Ranged Weapons | 1 2 3 4 |  4.1
Axes           | 4 5 6 |  6.0
Fighting       | 4 5 |  5.0
Dodging        | |  3.2
Stealth        | |  1.5

Action                   |  1- 3 |  4- 6 || total
-------------------------+-------+-------++-------
Melee: Hand axe          |    81 |    39 ||   120
       Headbutt          |    16 |     5 ||    21
       Trident           |       |    12 ||    12
 Fire: Sling             |    73 |    60 ||   133
  Use: Scroll            |     1 |     4 ||     5
       Potion            |       |     3 ||     3
Armor: Chain mail        |    65 |     3 ||    68
       Scale mail        |       |    23 ||    23
       Skin              |       |    27 ||    27
Dodge: Dodged            |    64 |    62 ||   126
Block: Buckler           |       |     3 ||     3

Table legend: (Time is in decaauts)
 A = Elapsed time spent in this place.
 B = Non-inter-level travel time spent in this place.
 C = Inter-level travel time spent in this place.
 D = Time resting spent in this place.
 E = Time spent auto-exploring this place.
 F = Levels seen in this place.
 G = Mean time per level.
                   A        B        C        D        E       F      G
               +--------+--------+--------+--------+--------+-----+--------+
         Total |   3880 |   3779 |    101 |    622 |   2406 |   4 |  970.0 |
       Dungeon |   3880 |   3779 |    101 |    622 |   2406 |   4 |  970.0 |
               +--------+--------+--------+--------+--------+-----+--------+

Top non-repeatable levels by time:
     D:3: 1295 daAuts
     D:2: 1015 daAuts
     D:1: 978 daAuts
     D:4: 591 daAuts
